[Event "FIDE WYCC Open U14 2023"]
[Site "Montesilvano"]
[Date "2023.11.16"]
[Round "4.14"]
[White "Davudov, Tunar"]
[Black "Tabuenca Mendataurigoitia, Daniel"]
[Result "0-1"]
[ECO "B12"]
[WhiteElo "2000"]
[BlackElo "2383"]
[Annotator "RC"]
[PlyCount "132"]
[EventDate "2023.11.13"]
[EventType "swiss"]
[EventCountry "ITA"]
[SourceTitle "playchess.com"]
[Source "ChessBase"]
[SourceQuality "1"]
[TimeControl "40/5400+30:1800+30"]

1. e4 c6 2. d4 d5 3. e5 Bf5 4. h4 h5 5. Nf3 e6 6. Bd3 Bxd3 7. Qxd3 Qa5+ 8. Nbd2 Nh6 9. O-O Nf5 10. c4 Be7 11. g3 O-O 12. b3 Rd8 13. Rd1 c5 14. Bb2 Nc6 15. dxc5 Bxc5 16. Kg2 dxc4 17. Qxc4 Bxf2 18. Kxf2 Qb6+ 19. Ke1 Nb4 20. Nf1 Rdc8 21. Qe4 Nc2+ 22. Ke2 Nxa1 23. Rxa1 Rd8 24. Bc1 Rac8 25. Be3 Qa6+ 26. Kf2 Rd3 27. Ne1 Rdc3 28. Bf4 Rxb3 29. axb3 Qxa1 30. Qxb7 Qd4+ 31. Be3 Qb2+ 32. Nd2 Rc3 33. Bf4 Rxg3 34. Nef3 Rg4 35. Bg5 Nd4 36. Qa8+ Kh7 37. Qb7 Nxf3 38. Kxf3 Qc3+ 39. Be3 Rxh4 40. Qxa7 Qxe5 41. Qc5 Qh2 42. Bf2 Rf4+ 43. Ke2 Rf5 44. Qd4 Rd5 45. Qa7 Qe5+ 46. Be3 Qc3 47. Qa6 Qe5 48. Qa7 Qf5 49. Qa6 Qg4+ 50. Ke1 h4 51. Qe2 Qg3+ 52. Bf2 Qf4 53. Be3 Qf6 54. Qg4 Kg8 55. Ke2 g6 56. Ne4 Qb2+ 57. Nd2 Qc3 58. Qxh4 Qd3+ 59. Kf2 Rf5+ 60. Nf3 Qd5 61. Qg4 Qxb3 62. Bd4 Qd5 63. Be3 e5 64. Ke2 e4 65. Nd4 Qc4+ 66. Ke1 Rf1+ 0-1

[Event "FIDE WYCC Open U14 2023"]
[Site "Montesilvano"]
[Date "2023.11.16"]
[Round "4.15"]
[White "Villa Tornero, Alex"]
[Black "Sommer, Justus"]
[Result "1/2-1/2"]
[ECO "C77"]
[WhiteElo "2383"]
[BlackElo "2013"]
[Annotator "RC"]
[PlyCount "178"]
[EventDate "2023.11.13"]
[EventType "swiss"]
[EventCountry "ITA"]
[SourceTitle "playchess.com"]
[Source "ChessBase"]
[SourceQuality "1"]
[TimeControl "40/5400+30:1800+30"]

1. e4 e5 2. Nf3 Nc6 3. Bb5 a6 4. Ba4 Nf6 5. d3 d6 6. c3 b5 7. Bc2 g6 8. O-O Bg7 9. h3 O-O 10. Be3 Re8 11. Re1 d5 12. a4 Bb7 13. Qc1 b4 14. Nbd2 Qd6 15. exd5 Qxd5 16. Bg5 Nd7 17. Bb3 Qxd3 18. Bc4 Qd6 19. Ne4 Qf8 20. Qd2 Nb6 21. Ba2 bxc3 22. bxc3 Na5 23. Nf6+ Bxf6 24. Bxf6 Bxf3 25. gxf3 Nac4 26. Qg5 Qc5 27. Re4 Re6 28. Qh4 h5 29. Bxc4 Rxf6 30. Qxf6 Nxc4 31. Rd1 Re8 32. f4 Nd6 33. Rxe5 Qc6 34. c4 Qxa4 35. Rxe8+ Qxe8 36. c5 Nb7 37. c6 Nd6 38. Rxd6 cxd6 39. c7 Qe1+ 40. Kg2 Qe4+ 41. Kg3 h4+ 42. Kxh4 Qc2 43. Kg5 Qxc7 44. Kh6 Kf8 45. Qh8+ Ke7 46. Qa8 Qd8 47. Qe4+ Kf8 48. f5 gxf5 49. Qd4 Ke7 50. Qe3+ Kd7 51. Kg7 Kc6 52. Qc3+ Kd5 53. Qd3+ Kc5 54. Qxf5+ d5 55. Kxf7 Qc7+ 56. Ke8 Qc6+ 57. Kd8 Qa8+ 58. Ke7 Qb7+ 59. Kf6 Qb6+ 60. Kg5 Qd8+ 61. Kf4 Qd6+ 62. Kf3 Kc4 63. h4 d4 64. Qc2+ Kb4 65. Qd3 Qf6+ 66. Kg3 Qg7+ 67. Kh3 Qd7+ 68. Kg3 Qg7+ 69. Kh3 Qd7+ 70. Kh2 Qd6+ 71. Kg2 Qf4 72. h5 Qg5+ 73. Kf1 Qxh5 74. Qxd4+ Kb5 75. f4 Qf3+ 76. Ke1 a5 77. Qe5+ Kb4 78. f5 a4 79. Qd4+ Kb3 80. f6 a3 81. Qb6+ Kc2 82. Qe6 Kb2 83. Qb6+ Qb3 84. Qf2+ Qc2 85. f7 Qxf2+ 86. Kxf2 a2 87. f8=Q a1=Q 88. Qh8+ Ka2 89. Qxa1+ Kxa1 1/2-1/2

[Event "FIDE WYCC Open U14 2023"]
[Site "Montesilvano"]
[Date "2023.11.16"]
[Round "4.16"]
[White "Agasarov, Benik"]
[Black "Bochniak, Franciszek"]
[Result "1-0"]
[ECO "A50"]
[WhiteElo "2360"]
[BlackElo "1954"]
[Annotator "RC"]
[PlyCount "53"]
[EventDate "2023.11.13"]
[EventType "swiss"]
[EventCountry "ITA"]
[SourceTitle "playchess.com"]
[Source "ChessBase"]
[SourceQuality "1"]
[TimeControl "40/5400+30:1800+30"]

1. d4 Nf6 2. c4 b6 3. f3 Nc6 4. Nc3 e6 5. e4 d6 6. Be3 e5 7. d5 Ne7 8. Bd3 Ng6 9. Nge2 Be7 10. Qd2 h5 11. O-O-O h4 12. Kb1 Bd7 13. g3 h3 14. Rhf1 c5 15. dxc6 Bxc6 16. Nd5 Bxd5 17. cxd5 a6 18. Rc1 Nd7 19. Rc6 Bf8 20. Rfc1 Nc5 21. b4 Ne7 22. bxc5 Nxc6 23. dxc6 dxc5 24. Bc4 Qc7 25. Rd1 Ra7 26. Qd5 g6 27. Bg5 1-0

[Event "FIDE WYCC Open U14 2023"]
[Site "Montesilvano"]
[Date "2023.11.16"]
[Round "4.17"]
[White "Nainys, Zanas"]
[Black "Arca, Christian Gian Karlo"]
[Result "0-1"]
[ECO "A31"]
[WhiteElo "1974"]
[BlackElo "2347"]
[Annotator "RC"]
[PlyCount "110"]
[EventDate "2023.11.13"]
[EventType "swiss"]
[EventCountry "ITA"]
[SourceTitle "playchess.com"]
[Source "ChessBase"]
[SourceQuality "1"]
[TimeControl "40/5400+30:1800+30"]

1. Nf3 Nf6 2. c4 c5 3. d4 cxd4 4. Nxd4 Nc6 5. g3 g6 6. Bg2 Bg7 7. Nc3 O-O 8. O-O Qa5 9. Nb3 Qh5 10. e4 d6 11. Nd5 Qxd1 12. Rxd1 Nxd5 13. cxd5 Ne5 14. Bg5 Re8 15. Nd4 Bd7 16. Rac1 h6 17. Bf4 Rac8 18. Bf1 g5 19. Bd2 Bg4 20. Rxc8 Rxc8 21. Rc1 Rxc1 22. Bxc1 Nf3+ 23. Nxf3 Bxf3 24. Bg2 Be2 25. Bf1 Bd1 26. h3 Bc2 27. f3 Bd4+ 28. Kg2 a6 29. Bc4 b5 30. Be2 e6 31. dxe6 fxe6 32. Kf1 Be5 33. Kf2 d5 34. exd5 exd5 35. f4 Bd4+ 36. Be3 Bxb2 37. fxg5 d4 38. Bf4 d3 39. Bf3 hxg5 40. Bxg5 b4 41. Be4 a5 42. Bd2 Bd4+ 43. Kf3 Bc5 44. Bd5+ Kh7 45. Ke4 a4 46. Bc4 Bb1 47. h4 Be7 48. Kd4 Kg7 49. h5 Bf6+ 50. Ke4 Bc2 51. g4 a3 52. g5 Bxg5 53. Bxd3 Bxd3+ 54. Kxd3 Bxd2 55. Kxd2 b3 0-1

[Event "FIDE WYCC Open U14 2023"]
[Site "Montesilvano"]
[Date "2023.11.16"]
[Round "4.18"]
[White "Poljan, Max"]
[Black "Dotzer, Lukas"]
[Result "0-1"]
[ECO "B48"]
[WhiteElo "1953"]
[BlackElo "2339"]
[Annotator "RC"]
[PlyCount "100"]
[EventDate "2023.11.13"]
[EventType "swiss"]
[EventCountry "ITA"]
[SourceTitle "playchess.com"]
[Source "ChessBase"]
[SourceQuality "1"]
[TimeControl "40/5400+30:1800+30"]

1. e4 c5 2. Nf3 e6 3. d4 cxd4 4. Nxd4 Nc6 5. Nc3 Qc7 6. Be3 a6 7. Qf3 b5 8. Nxc6 Qxc6 9. Bd3 b4 10. Ne2 Nf6 11. Nd4 Qc7 12. Qg3 Qxg3 13. hxg3 Ng4 14. Ke2 Nxe3 15. Kxe3 Bc5 16. e5 d6 17. f4 dxe5 18. fxe5 Bb7 19. Be4 Bxd4+ 20. Kxd4 Rd8+ 21. Ke3 Bxe4 22. Kxe4 Rd2 23. Rac1 O-O 24. Kf3 f6 25. Rhd1 fxe5+ 26. Kg4 Rff2 27. Rxd2 Rxd2 28. Kf3 Kf7 29. a3 a5 30. axb4 axb4 31. b3 Ke7 32. c3 e4+ 33. Kxe4 Rxg2 34. Kf4 bxc3 35. Rxc3 Kf6 36. Rc8 g5+ 37. Kg4 h5+ 38. Kf3 Rb2 39. Rb8 g4+ 40. Ke3 Rg2 41. Kf4 e5+ 42. Ke4 Rxg3 43. Rb6+ Kg5 44. Kxe5 Re3+ 45. Kd4 Re8 46. b4 g3 47. Rb7 h4 48. Rg7+ Kf4 49. Rf7+ Kg4 50. Rg7+ Kh3 0-1

[Event "FIDE WYCC Open U14 2023"]
[Site "Montesilvano"]
[Date "2023.11.16"]
[Round "4.19"]
[White "Cieslak, Patryk"]
[Black "George Samir, David"]
[Result "1-0"]
[ECO "B62"]
[WhiteElo "2284"]
[BlackElo "1942"]
[Annotator "RC"]
[PlyCount "79"]
[EventDate "2023.11.13"]
[EventType "swiss"]
[EventCountry "ITA"]
[SourceTitle "playchess.com"]
[Source "ChessBase"]
[SourceQuality "1"]
[TimeControl "40/5400+30:1800+30"]

1. e4 c5 2. Nf3 d6 3. d4 cxd4 4. Nxd4 Nf6 5. Nc3 Nc6 6. Bg5 e6 7. Qd3 Bd7 8. Ndb5 Qb8 9. O-O-O Ng4 10. Bh4 a6 11. Nxd6+ Bxd6 12. Qxd6 Qxd6 13. Rxd6 g5 14. h3 gxh4 15. hxg4 Ke7 16. Rd1 h5 17. Rxh4 hxg4 18. Rxg4 b5 19. Rg3 Rh4 20. Re3 Ne5 21. f3 Rg8 22. Nb1 b4 23. Nd2 Rg3 24. Bxa6 Rxg2 25. Re2 Rg8 26. Rf2 Ra8 27. Nc4 Nxf3 28. Bb7 Rxa2 29. Kb1 Ra7 30. Rxf3 Rxb7 31. Nd6 Ra7 32. Rxf7+ Kd8 33. Nc4 Ke8 34. Nd6+ Kd8 35. Nc4 Ke8 36. Rdf1 Rh8 37. Rg7 Kd8 38. Ne5 Kc8 39. Rd1 Rd8 40. Nc6 1-0

[Event "FIDE WYCC Open U14 2023"]
[Site "Montesilvano"]
[Date "2023.11.16"]
[Round "4.20"]
[White "Terlouw, Wouter"]
[Black "Dinh Nho Kiet"]
[Result "0-1"]
[ECO "A40"]
[WhiteElo "1932"]
[BlackElo "2253"]
[Annotator "RC"]
[PlyCount "62"]
[EventDate "2023.11.13"]
[EventType "swiss"]
[EventCountry "ITA"]
[SourceTitle "playchess.com"]
[Source "ChessBase"]
[SourceQuality "1"]
[TimeControl "40/5400+30:1800+30"]

1. d4 Nf6 2. c4 e6 3. g3 c5 4. d5 b5 5. dxe6 fxe6 6. Bg2 d5 7. cxd5 exd5 8. Nc3 Bb7 9. Nxb5 Qd7 10. Na3 Nc6 11. Nf3 Bd6 12. O-O O-O 13. Bg5 Nb4 14. Nc2 Nxc2 15. Qxc2 Ne4 16. Rfd1 Qf5 17. Be3 Nxg3 18. Qxf5 Nxf5 19. Bc1 Rab8 20. b3 d4 21. Ba3 Ba6 22. e4 dxe3 23. fxe3 Bb7 24. Ne1 Rf6 25. Bxb7 Rxb7 26. Ng2 Rg6 27. e4 Nd4 28. Kh1 Nc2 29. e5 Be7 30. Bxc5 Nxa1 31. Rc1 Rc6 0-1

[Event "FIDE WYCC Open U14 2023"]
[Site "Montesilvano"]
[Date "2023.11.16"]
[Round "4.21"]
[White "Akhmedov, David"]
[Black "Dumanuly, Sultanbeibarys"]
[Result "0-1"]
[ECO "B30"]
[WhiteElo "2240"]
[BlackElo "1931"]
[Annotator "RC"]
[PlyCount "48"]
[EventDate "2023.11.13"]
[EventType "swiss"]
[EventCountry "ITA"]
[SourceTitle "playchess.com"]
[Source "ChessBase"]
[SourceQuality "1"]
[TimeControl "40/5400+30:1800+30"]

1. e4 c5 2. Nf3 Nc6 3. Nc3 d6 4. g3 g6 5. Bg2 Bg7 6. O-O e5 7. d3 Nge7 8. Nd2 O-O 9. f4 Be6 10. Nc4 Nd4 11. Ne3 Qd7 12. Ne2 Rae8 13. c4 f5 14. exf5 Nexf5 15. Nc3 Nxe3 16. Bxe3 Bg4 17. Qd2 exf4 18. Bxf4 Ne2+ 19. Nxe2 Rxe2 20. Bd5+ Kh8 21. Qa5 b6 22. Qb5 Qf5 23. Qc6 Bd4+ 24. Kh1 Rxh2+ 0-1

[Event "FIDE WYCC Open U14 2023"]
[Site "Montesilvano"]
[Date "2023.11.16"]
[Round "4.22"]
[White "Ral Lustig, Melvin"]
[Black "Gkavardinas, Antonios"]
[Result "0-1"]
[ECO "D31"]
[WhiteElo "1911"]
[BlackElo "2230"]
[Annotator "RC"]
[PlyCount "80"]
[EventDate "2023.11.13"]
[EventType "swiss"]
[EventCountry "ITA"]
[SourceTitle "playchess.com"]
[Source "ChessBase"]
[SourceQuality "1"]
[TimeControl "40/5400+30:1800+30"]

1. d4 d5 2. c4 e6 3. Nc3 Be7 4. cxd5 exd5 5. Bf4 c6 6. e3 Bf5 7. Nge2 Nd7 8. Ng3 Bg6 9. Be2 Ngf6 10. h4 h6 11. Bd3 Nf8 12. Nf5 Ne6 13. Be5 Bxf5 14. Bxf5 Bd6 15. Qc2 Qe7 16. O-O-O Bxe5 17. dxe5 Nd7 18. f4 Nb6 19. Kb1 O-O-O 20. Bxe6+ fxe6 21. h5 Nc4 22. Rh3 Kb8 23. Ka1 Rd7 24. Nb1 Rc8 25. Nd2 Nb6 26. Nf3 c5 27. Qf2 Nc4 28. Nd2 Na5 29. Qh4 Qe8 30. Rc1 Rdc7 31. Qg4 c4 32. Nb1 b5 33. Qd1 b4 34. Rg3 Qb5 35. Rf3 Nb3+ 36. axb3 Qa5+ 37. Na3 c3 38. bxc3 Qxa3+ 39. Kb1 bxc3 40. e4 Qb2# 0-1

[Event "FIDE WYCC Open U14 2023"]
[Site "Montesilvano"]
[Date "2023.11.16"]
[Round "4.23"]
[White "Sharshenbekov, Emir"]
[Black "Katsanis, Vasileios Dim"]
[Result "0-1"]
[ECO "B12"]
[WhiteElo "1893"]
[BlackElo "2173"]
[Annotator "RC"]
[PlyCount "66"]
[EventDate "2023.11.13"]
[EventType "swiss"]
[EventCountry "ITA"]
[SourceTitle "playchess.com"]
[Source "ChessBase"]
[SourceQuality "1"]
[TimeControl "40/5400+30:1800+30"]

1. e4 c6 2. d4 d5 3. f3 dxe4 4. fxe4 e5 5. Nf3 Bg4 6. Bc4 Nd7 7. O-O Ngf6 8. c3 Bd6 9. Be3 O-O 10. Nbd2 Qe7 11. Qc2 exd4 12. cxd4 c5 13. d5 Rae8 14. Rae1 Ne5 15. Bb5 Rc8 16. Bg5 c4 17. Nxe5 Bxe5 18. Nxc4 a6 19. Qd2 axb5 20. Nxe5 Qxe5 21. Bxf6 gxf6 22. Rf4 Bd7 23. Ref1 f5 24. exf5 f6 25. Re1 Qd6 26. Rh4 Bxf5 27. Qf4 Qxf4 28. Rxf4 Bg6 29. Re6 Kg7 30. Rb6 Rc1+ 31. Kf2 Rc2+ 32. Kf3 Rxb2 33. Rxb7+ Rf7 0-1

[Event "FIDE WYCC Open U14 2023"]
[Site "Montesilvano"]
[Date "2023.11.16"]
[Round "4.24"]
[White "Yun, Hungi"]
[Black "Sodbilegt, Naranbold"]
[Result "1-0"]
[ECO "B90"]
[WhiteElo "1884"]
[BlackElo "2151"]
[Annotator "RC"]
[PlyCount "103"]
[EventDate "2023.11.13"]
[EventType "swiss"]
[EventCountry "ITA"]
[SourceTitle "playchess.com"]
[Source "ChessBase"]
[SourceQuality "1"]
[TimeControl "40/5400+30:1800+30"]

1. e4 c5 2. Nf3 d6 3. d4 cxd4 4. Nxd4 Nf6 5. Nc3 a6 6. Be3 Ng4 7. Bc1 Nf6 8. Be3 e5 9. Nf3 Be7 10. Bc4 Be6 11. Bb3 O-O 12. O-O b5 13. Qd3 Qc7 14. Rfd1 Bc4 15. Bxc4 bxc4 16. Qe2 Nbd7 17. Nh4 g6 18. Qf3 Rfb8 19. Rab1 Bf8 20. g4 Rb7 21. Ng2 Rab8 22. Bc1 Bg7 23. Ne3 Nf8 24. g5 Ne8 25. Ncd5 Qc8 26. Ng4 Ne6 27. c3 Qd8 28. h4 Rd7 29. Be3 Rdb7 30. Rd2 a5 31. Kg2 a4 32. a3 Kh8 33. Qh3 Kg8 34. Rh1 Rb5 35. Qh2 f5 36. gxf6 Nxf6 37. Ndxf6+ Bxf6 38. h5 g5 39. Rhd1 Bg7 40. Rxd6 Qc8 41. Qh3 R5b6 42. h6 Bh8 43. Qf3 Rxd6 44. Rxd6 Nf4+ 45. Bxf4 gxf4 46. Qd1 Kf8 47. Kf3 Ke7 48. Qd5 Rb7 49. Rc6 Qd7 50. Qc5+ Kf7 51. Rd6 Qb5 52. Qc8 1-0

[Event "FIDE WYCC Open U14 2023"]
[Site "Montesilvano"]
[Date "2023.11.16"]
[Round "4.25"]
[White "Zaragoza Alanis, Miguel Arnulfo"]
[Black "Bazilius, Augustinas"]
[Result "1/2-1/2"]
[ECO "C02"]
[WhiteElo "1838"]
[BlackElo "2138"]
[Annotator "NA RC"]
[PlyCount "63"]
[EventDate "2023.11.13"]
[EventType "swiss"]
[EventCountry "ITA"]
[SourceTitle "playchess.com"]
[Source "ChessBase"]
[SourceQuality "1"]
[TimeControl "40/5400+30:1800+30"]

1. e4 e6 2. d4 d5 3. e5 c5 4. c3 Bd7 5. Nf3 a6 6. Be2 cxd4 7. cxd4 Bb5 8. Bxb5+ axb5 9. O-O b4 10. Qd3 Qb6 11. Be3 Nc6 12. Nbd2 Nge7 13. Nb3 h5 14. h3 Nf5 15. g4 hxg4 16. hxg4 Nh4 17. Nxh4 Rxh4 18. f3 Be7 19. Kg2 Kd7 20. Rh1 Rxh1 21. Kxh1 Qa6 22. Qxa6 Rxa6 23. f4 Na5 24. Nxa5 Rxa5 25. Kg2 b5 26. Kf3 Ra8 27. b3 g6 28. Bd2 Rh8 29. Kg2 Ra8 30. Kf3 Rh8 31. Kg2 Ra8 32. Kf3 1/2-1/2

[Event "FIDE WYCC Open U14 2023"]
[Site "Montesilvano"]
[Date "2023.11.16"]
[Round "4.26"]
[White "Tregubenko, Nikolay"]
[Black "Tamer Waguih, Farid"]
[Result "1-0"]
[ECO "B17"]
[WhiteElo "2138"]
[BlackElo "1893"]
[Annotator "RC"]
[PlyCount "107"]
[EventDate "2023.11.13"]
[EventType "swiss"]
[EventCountry "ITA"]
[SourceTitle "playchess.com"]
[Source "ChessBase"]
[SourceQuality "1"]
[TimeControl "40/5400+30:1800+30"]

1. e4 c6 2. d4 d5 3. Nc3 dxe4 4. Nxe4 Nd7 5. Nf3 Ngf6 6. Ng3 e6 7. Bd3 Bd6 8. O-O O-O 9. c4 b6 10. b3 Bb7 11. Bb2 Qc7 12. Bc2 Rad8 13. Qd3 c5 14. Ng5 h6 15. Nf3 cxd4 16. Nxd4 Nc5 17. Qe2 Be5 18. Rad1 Rd7 19. f4 Bxd4+ 20. Bxd4 Rfd8 21. Bxf6 Rxd1 22. Rxd1 gxf6 23. b4 Rxd1+ 24. Qxd1 Nd7 25. Qd4 Kf8 26. Ba4 Bc6 27. Bxc6 Qxc6 28. Ne4 Ke7 29. h3 e5 30. fxe5 fxe5 31. Qd3 Nf8 32. Nc3 Ne6 33. Nd5+ Ke8 34. Qe4 Qd6 35. Qh7 Nf4 36. Qg8+ Kd7 37. Qxf7+ Kd8 38. a3 Nxd5 39. Qxd5 Qxd5 40. cxd5 Kd7 41. Kf2 Kd6 42. Ke3 Kxd5 43. g4 Ke6 44. Ke4 Kf6 45. h4 Ke6 46. g5 h5 47. b5 Kd6 48. g6 Ke6 49. g7 Kf7 50. Kxe5 Kxg7 51. Kf5 Kf7 52. Kg5 Ke6 53. Kxh5 Kf5 54. a4 1-0

[Event "FIDE WYCC Open U14 2023"]
[Site "Montesilvano"]
[Date "2023.11.16"]
[Round "4.27"]
[White "Daaevik Wadhawan"]
[Black "Tao, Sihan"]
[Result "1-0"]
[ECO "A06"]
[WhiteElo "1810"]
[BlackElo "2122"]
[Annotator "RC"]
[PlyCount "89"]
[EventDate "2023.11.13"]
[EventType "swiss"]
[EventCountry "ITA"]
[SourceTitle "playchess.com"]
[Source "ChessBase"]
[SourceQuality "1"]
[TimeControl "40/5400+30:1800+30"]

1. Nf3 d5 2. g3 Nf6 3. Bg2 e6 4. O-O Be7 5. c4 O-O 6. b3 b6 7. cxd5 exd5 8. Bb2 Bb7 9. e3 Nbd7 10. Nc3 a6 11. Rc1 Re8 12. Re1 Rc8 13. Ne2 Bd6 14. Nf4 Ne5 15. Nxe5 Bxe5 16. Bxe5 Rxe5 17. d4 Re7 18. Bh3 Ra8 19. Qc2 Qd6 20. Nd3 Rae8 21. Qb2 Ne4 22. Bg2 Bc8 23. f3 Nf6 24. Qd2 Nd7 25. b4 Bb7 26. Rc3 Nb8 27. a3 Bc6 28. Nf2 Bb5 29. Rd1 Ba4 30. Rdc1 h5 31. Nh3 Nd7 32. Nf4 Nf6 33. h4 g6 34. Kf2 Kg7 35. Bf1 Bb5 36. Bxb5 axb5 37. Qa2 Qd7 38. Qc2 Ra8 39. Rxc7 Qxc7 40. Qxc7 Rxc7 41. Rxc7 Rxa3 42. Ne6+ Kg8 43. Rc8+ Kh7 44. Ng5+ Kg7 45. Rc7 1-0

[Event "FIDE WYCC Open U14 2023"]
[Site "Montesilvano"]
[Date "2023.11.16"]
[Round "4.28"]
[White "Lin, Leo"]
[Black "Zhang, Kendrick Botong"]
[Result "1-0"]
[ECO "B22"]
[WhiteElo "2097"]
[BlackElo "1876"]
[Annotator "NA RC"]
[PlyCount "73"]
[EventDate "2023.11.13"]
[EventType "swiss"]
[EventCountry "ITA"]
[SourceTitle "playchess.com"]
[Source "ChessBase"]
[SourceQuality "1"]
[TimeControl "40/5400+30:1800+30"]

1. e4 c5 2. c3 d5 3. exd5 Qxd5 4. d4 Nf6 5. Nf3 Bg4 6. dxc5 Qxd1+ 7. Kxd1 e5 8. b4 e4 9. h3 exf3 10. hxg4 Nxg4 11. Bb5+ Nc6 12. Re1+ Be7 13. gxf3 Nxf2+ 14. Kc2 f6 15. Bf1 Ne5 16. Be3 Nxf3 17. Bb5+ Kf8 18. Rf1 Ng4 19. Rxf3 Nxe3+ 20. Rxe3 h5 21. Nd2 g5 22. Rae1 Bd8 23. Re8+ Kg7 24. Rxh8 Kxh8 25. Be8 h4 26. Bd7 Bc7 27. Re7 Bf4 28. Ne4 Rf8 29. Bf5 Kg8 30. Rxb7 g4 31. Rh7 Bg5 32. Rh5 g3 33. Nxg5 fxg5 34. Rxg5+ Kf7 35. Bh3 Ke7 36. Rg7+ Ke8 37. c6 1-0

[Event "FIDE WYCC Open U14 2023"]
[Site "Montesilvano"]
[Date "2023.11.16"]
[Round "4.29"]
[White "Bolat, Inayat"]
[Black "Zhang, Brian"]
[Result "1-0"]
[ECO "B12"]
[WhiteElo "2088"]
[BlackElo "1867"]
[Annotator "NA RC"]
[PlyCount "43"]
[EventDate "2023.11.13"]
[EventType "swiss"]
[EventCountry "ITA"]
[SourceTitle "playchess.com"]
[Source "ChessBase"]
[SourceQuality "1"]
[TimeControl "40/5400+30:1800+30"]

1. e4 c6 2. d4 d5 3. f3 e6 4. Nc3 Bb4 5. Bd2 Ne7 6. Qe2 b6 7. Qf2 O-O 8. O-O-O Ba6 9. Bxa6 Nxa6 10. h4 Rc8 11. h5 c5 12. h6 g6 13. Nh3 Qc7 14. a3 Ba5 15. dxc5 Nxc5 16. Rhe1 Rfd8 17. Qh4 f5 18. b4 d4 19. Qf6 Nd5 20. exd5 Rf8 21. Qxd4 Na4 22. Qg7+ 1-0

[Event "FIDE WYCC Open U14 2023"]
[Site "Montesilvano"]
[Date "2023.11.16"]
[Round "4.30"]
[White "Kao, Jamison Edrich"]
[Black "Vommaro, Stanislao"]
[Result "1/2-1/2"]
[ECO "B95"]
[WhiteElo "1701"]
[BlackElo "2083"]
[Annotator "RC"]
[PlyCount "115"]
[EventDate "2023.11.13"]
[EventType "swiss"]
[EventCountry "ITA"]
[SourceTitle "playchess.com"]
[Source "ChessBase"]
[SourceQuality "1"]
[TimeControl "40/5400+30:1800+30"]

1. e4 c5 2. Nf3 d6 3. d4 cxd4 4. Nxd4 Nf6 5. Nc3 a6 6. Bg5 e6 7. Qe2 Nbd7 8. f4 Qc7 9. O-O-O Be7 10. g4 b5 11. a3 Rb8 12. Bxf6 Nxf6 13. g5 Nd7 14. h4 b4 15. axb4 Rxb4 16. f5 Ne5 17. fxe6 fxe6 18. Bh3 Qa5 19. Nb3 Qb6 20. Rhf1 Nc4 21. Rd4 Ne5 22. Qd1 a5 23. Ne2 a4 24. Rxb4 Qxb4 25. Qd4 Nc4 26. Nd2 Qxd2+ 27. Qxd2 Nxd2 28. Kxd2 h6 29. g6 Bxh4 30. Nd4 Bf6 31. Nxe6 Ke7 32. Nf4 Bxh3 33. Nxh3 Rb8 34. Nf4 Bg5 35. Kc3 Bxf4 36. Rxf4 Rf8 37. Rh4 Rc8+ 38. Kd3 Ke6 39. Rf4 Rc7 40. Rf5 Ra7 41. c3 Rb7 42. Kc2 Ra7 43. Kd2 Rb7 44. Kc1 Ra7 45. Kc2 h5 46. Rxh5 Kf6 47. Rb5 Ra6 48. Kd3 Kxg6 49. Rf5 Rb6 50. Ra5 Rxb2 51. Rxa4 Kf6 52. Ra6 Ke6 53. c4 Ke5 54. Ra5+ Ke6 55. Ra6 Ke5 56. Ra5+ Ke6 57. Ra6 Ke5 58. Ra5+ 1/2-1/2

[Event "FIDE WYCC Open U14 2023"]
[Site "Montesilvano"]
[Date "2023.11.16"]
[Round "4.31"]
[White "Segizbayev, Iskander"]
[Black "Bharadia Yash"]
[Result "0-1"]
[ECO "B90"]
[WhiteElo "1605"]
[BlackElo "2071"]
[Annotator "NA RC"]
[PlyCount "64"]
[EventDate "2023.11.13"]
[EventType "swiss"]
[EventCountry "ITA"]
[SourceTitle "playchess.com"]
[Source "ChessBase"]
[SourceQuality "1"]
[TimeControl "40/5400+30:1800+30"]

1. e4 c5 2. Nf3 d6 3. d4 cxd4 4. Nxd4 Nf6 5. Nc3 a6 6. f3 e5 7. Nb3 Be6 8. Be3 h5 9. Qd2 Nbd7 10. O-O-O Rc8 11. Kb1 Be7 12. Rg1 Nb6 13. Qf2 Nc4 14. Bxc4 Rxc4 15. Bb6 Qd7 16. h3 h4 17. f4 Nxe4 18. Nxe4 Rxe4 19. fxe5 Rxe5 20. Rd3 O-O 21. Rgd1 Rc8 22. Be3 Qa4 23. Bf4 Rf5 24. Rd4 Rc4 25. Qe3 Rxd4 26. Rxd4 Qc6 27. Rd2 Qc4 28. Rf2 a5 29. Nc1 a4 30. Qd2 Qe4 31. Rf3 g5 32. Bxd6 Rd5 0-1

[Event "FIDE WYCC Open U14 2023"]
[Site "Montesilvano"]
[Date "2023.11.16"]
[Round "4.32"]
[White "Kuziev, Miraziz"]
[Black "Boci, Mateo"]
[Result "1-0"]
[ECO "E46"]
[WhiteElo "2053"]
[BlackElo "1832"]
[Annotator "NA RC"]
[PlyCount "113"]
[EventDate "2023.11.13"]
[EventType "swiss"]
[EventCountry "ITA"]
[SourceTitle "playchess.com"]
[Source "ChessBase"]
[SourceQuality "1"]
[TimeControl "40/5400+30:1800+30"]

1. d4 Nf6 2. c4 e6 3. Nc3 Bb4 4. e3 O-O 5. Bd2 b6 6. Nf3 Bb7 7. Bd3 d5 8. cxd5 exd5 9. Rc1 a6 10. Ne5 Nbd7 11. f4 Re8 12. O-O c5 13. a3 Bxc3 14. Bxc3 c4 15. Bf5 Bc8 16. Qf3 Nf8 17. Bb1 Bb7 18. Nxc4 dxc4 19. Qxb7 Rxe3 20. Rce1 Rxe1 21. Rxe1 Ne6 22. Be4 Rc8 23. Bf5 Rb8 24. Qxa6 Nxd4 25. Bb1 b5 26. Qa7 Nc6 27. Qc5 Qb6 28. Qxb6 Rxb6 29. Rd1 Rb8 30. Rd6 Ne7 31. h3 Ned5 32. Be5 Re8 33. g4 Re6 34. Rd8+ Re8 35. Rxe8+ Nxe8 36. Be4 Ndc7 37. f5 f6 38. Bf4 Kf7 39. Bc6 Ke7 40. Kf2 g6 41. fxg6 hxg6 42. h4 Ne6 43. Ke3 g5 44. Bh2 gxh4 45. Bxb5 Nd6 46. Bxd6+ Kxd6 47. Bxc4 Ng5 48. Kf4 Nh3+ 49. Kf5 Nf2 50. Be2 h3 51. b4 Kc6 52. Bf3+ Kd7 53. Kxf6 h2 54. g5 Ke8 55. b5 Nd3 56. g6 Kf8 57. g7+ 1-0

[Event "FIDE WYCC Open U14 2023"]
[Site "Montesilvano"]
[Date "2023.11.16"]
[Round "4.33"]
[White "Soni, Arjun"]
[Black "Ji, Jiahao Eric"]
[Result "1/2-1/2"]
[ECO "B90"]
[WhiteElo "1600"]
[BlackElo "2045"]
[Annotator "NA RC"]
[PlyCount "63"]
[EventDate "2023.11.13"]
[EventType "swiss"]
[EventCountry "ITA"]
[SourceTitle "playchess.com"]
[Source "ChessBase"]
[SourceQuality "1"]
[TimeControl "40/5400+30:1800+30"]

1. e4 c5 2. Nf3 d6 3. d4 cxd4 4. Nxd4 Nf6 5. Nc3 a6 6. Be3 e5 7. Nf3 Be7 8. Bc4 O-O 9. O-O Be6 10. Bb3 h6 11. Qe2 Nbd7 12. Rfd1 Qc7 13. Nh4 Kh7 14. Qd3 g6 15. Qd2 Ng4 16. Nf3 Rac8 17. h3 Nxe3 18. Qxe3 Nb6 19. Rac1 Nc4 20. Bxc4 Qxc4 21. Qd3 b5 22. Nd5 Bxd5 23. Qxd5 Qxd5 24. Rxd5 Rc6 25. c3 Rfc8 26. Rcd1 b4 27. cxb4 Rc2 28. R1d2 R2c4 29. b5 Rxe4 30. bxa6 Ra4 31. Rb5 Rxa6 32. Rb7 1/2-1/2

[Event "FIDE WYCC Open U14 2023"]
[Site "Montesilvano"]
[Date "2023.11.16"]
[Round "4.34"]
[White "La Barbera, Manfredi"]
[Black "Sheahan, Gavin"]
[Result "1-0"]
[ECO "C11"]
[WhiteElo "2043"]
[BlackElo "1807"]
[Annotator "NA RC"]
[PlyCount "47"]
[EventDate "2023.11.13"]
[EventType "swiss"]
[EventCountry "ITA"]
[SourceTitle "playchess.com"]
[Source "ChessBase"]
[SourceQuality "1"]
[TimeControl "40/5400+30:1800+30"]

1. e4 e6 2. d4 d5 3. Nc3 Nf6 4. e5 Nfd7 5. f4 c5 6. Nf3 Nc6 7. Be3 a6 8. a3 b5 9. Bd3 Qb6 10. O-O cxd4 11. Bf2 Nc5 12. Nxd4 Nxd3 13. Qxd3 Nxd4 14. Bxd4 Qc6 15. Rae1 b4 16. axb4 Bxb4 17. f5 exf5 18. e6 Bxc3 19. exf7+ Kxf7 20. bxc3 Re8 21. Qg3 Rg8 22. Qg5 Qd7 23. Rxf5+ Qxf5 24. Re7+ 1-0